[Event "Team 45 45 League T55"]
[Site "Internet Chess Club"]
[Date "2012.12.09"]
[Round "4"]
[White "jt2000"]
[Black "Campagnolo"]
[Result "0-1"]
[WhiteElo "1724"]
[BlackElo "2073"]
[Opening "Caro-Kann: advance variation"]
[ECO "B12"]
[Time "19:18:51"]
[TimeControl "2700+45"]

1. e4 c6 2. d4 d5 3. e5 c5 4. Nf3 Nc6 5. Be3 Bg4 6. c3 e6 7. Bd3 Nge7 8. dxc5
Ng6 9. Bxg6 hxg6 10. Bd4 Bxf3 11. Qxf3 b6 12. cxb6 Nxd4 13. cxd4 Qxb6 14. O-O
Qxd4 15. Nc3 Qxe5 16. Rfe1 Qxh2+ 17. Kf1 Qh1+ 18. Ke2 Qh5 19. Qxh5 Rxh5 20. Kd3
Bb4 21. Rh1 Bxc3 22. bxc3 Ke7 23. g4 Rxh1 24. Rxh1 Rb8 25. Kc2 Kf6 26. f4 g5 27.
fxg5+ Kxg5 28. Rh7 Rg8 29. Rh1 Kxg4 30. Rb1 g5 31. Rb7 f5 {White resigns} 0-1

[Event "Team 45 45 League T55"]
[Site "Internet Chess Club"]
[Date "2012.12.07"]
[Round "4"]
[White "TerryMalloy"]
[Black "npranav"]
[Result "1-0"]
[WhiteElo "2047"]
[BlackElo "1733"]
[Opening "Sicilian: accelerated fianchetto, Maróczy bind"]
[ECO "B36"]
[Time "20:04:03"]
[TimeControl "2700+45"]

1. e4 c5 2. Nf3 Nc6 3. d4 cxd4 4. Nxd4 g6 5. c4 Nf6 6. Nc3 d6 7. Be2 Nxd4 8.
Qxd4 Bg7 9. Bg5 O-O 10. Qd2 Be6 11. Rc1 Qa5 12. O-O Rfc8 13. b3 a6 14. f4 b5 15.
f5 Bd7 16. fxg6 hxg6 17. e5 Ne8 18. Nd5 Qxd2 19. Bxd2 Bxe5 20. Nxe7+ Kg7 21.
Nxc8 Rxc8 22. Bc3 Bxc3 23. Rxc3 b4 24. Re3 Be6 25. Bf3 Rc5 26. Rd1 Kf6 27. Bd5
Ra5 28. Rd2 Ke7 29. Kf2 Nf6 30. h3 Kd7 31. Bxe6+ fxe6 32. g4 e5 33. Kg3 Ke6 34.
Kh4 Nh7 35. Red3 g5+ 36. Kg3 Nf6 37. Rxd6+ Ke7 38. Kf3 Ra3 39. Rb6 a5 40. c5 Nd7
41. Rb7 a4 42. Rdxd7+ Ke6 43. Rd6# {Black checkmated} 1-0

[Event "Team 45 45 League T55"]
[Site "Internet Chess Club"]
[Date "2012.12.06"]
[Round "4"]
[White "Morovon23"]
[Black "phoenix10q72"]
[Result "1-0"]
[WhiteElo "2327"]
[BlackElo "2142"]
[Opening "Benoni: 6.e4"]
[ECO "A65"]
[Time "20:00:05"]
[TimeControl "2700+45"]

1. d4 Nf6 2. c4 c5 3. d5 e6 4. Nc3 exd5 5. cxd5 d6 6. e4 g6 7. h3 Bg7 8. Nf3 O-O
9. Bd3 b5 10. O-O b4 11. Na4 Re8 12. Re1 Nbd7 13. Bf4 Nb6 14. a3 Nh5 15. Bg5 f6
16. Be3 f5 17. exf5 gxf5 18. axb4 Nxa4 19. Qxa4 Bxb2 20. Rab1 Bc3 21. Bd2 Bd7
22. Qc2 Rxe1+ 23. Rxe1 Bxb4 24. Bxf5 Bxf5 25. Qxf5 Ng7 26. Qg4 Bxd2 27. Nxd2 Qf6
28. Nc4 Kh8 29. Re3 a5 30. Ra3 a4 31. Rxa4 Rf8 32. f3 h5 33. Qg3 Nf5 34. Qf4 Qg7
35. Nd2 Nd4 36. Qxd6 Rg8 37. g4 Qg5 38. f4 Qg6 39. Qxg6 Rxg6 40. g5 Rd6 41. Ne4
Rxd5 42. Nf6 Ne2+ 43. Kf2 Nxf4 44. Nxd5 Nxd5 45. Rc4 Kg7 46. Rxc5 Nf4 47. Kg3
Ne6 48. Ra5 Kg6 49. h4 Nd4 50. Kf4 Ne2+ 51. Ke5 Ng3 52. Ra6+ Kg7 53. Kf4 Ne2+
54. Ke4 Ng3+ 55. Ke5 Nf1 56. Kf4 Nd2 57. Kf5 Nf3 58. Ra7+ Kg8 59. g6 Nxh4+ 60.
Kf6 Nxg6 61. Kxg6 {Black resigns} 1-0

[Event "Team 45 45 League T55"]
[Site "Internet Chess Club"]
[Date "2012.12.07"]
[Round "4"]
[White "searchforbobby1"]
[Black "MikeA"]
[Result "1/2-1/2"]
[WhiteElo "2128"]
[BlackElo "2254"]
[Opening "Pirc: Austrian attack, 6.Bd3"]
[ECO "B09"]
[Time "22:00:54"]
[TimeControl "2700+45"]

1. e4 d6 2. d4 Nf6 3. Nc3 g6 4. f4 Bg7 5. Nf3 O-O 6. Bd3 Na6 7. O-O c5 8. d5 Bg4
9. Bc4 Nc7 10. h3 Bxf3 11. Qxf3 e6 12. dxe6 Nxe6 13. f5 Nd4 14. Qf2 gxf5 15. Bg5
b5 16. Nd5 Nxe4 17. Bxd8 Nxf2 18. Be7 Rfe8 19. Rxf2 bxc4 20. c3 Nc6 21. Bxd6
Red8 22. Ne7+ Nxe7 23. Bxe7 Rd5 24. Raf1 Re8 25. Bg5 Rb8 26. Bc1 Re8 27. Rxf5
Rxf5 28. Rxf5 Re1+ 29. Rf1 Re2 30. Rd1 Bf6 31. Bd2 Bh4 32. Kf1 Rf2+ 33. Kg1 Re2
34. Kf1 Rf2+ 35. Kg1 Re2 36. Kf1 Rf2+ 37. Kg1 Re2 {Game drawn by repetition}
1/2-1/2

[Event "Team 45 45 League T55"]
[Site "Internet Chess Club"]
[Date "2012.12.10"]
[Round "4"]
[White "PandorasBox"]
[Black "perikitosax"]
[Result "1-0"]
[WhiteElo "1918"]
[BlackElo "1983"]
[Opening "English: symmetrical variation"]
[ECO "A30"]
[Time "15:49:27"]
[TimeControl "2700+45"]

1. c4 c5 2. g3 Nc6 3. Bg2 e6 4. Nc3 Nf6 5. d3 Be7 6. e4 O-O 7. Nge2 a6 8. Rb1
Rb8 9. O-O d6 10. f4 Qc7 11. Bd2 b6 12. a3 Re8 13. b4 cxb4 14. axb4 b5 15. cxb5
axb5 16. h3 d5 17. e5 Nd7 18. Qb3 Qb6+ 19. Kh2 Bb7 20. Be1 Ba8 21. Bf2 Qb7 22.
Nxd5 exd5 23. Bxd5 Nd4 24. Bxb7 Nxb3 25. Bxa8 Nd2 26. Bc6 Red8 27. Rfd1 Nxb1 28.
Rxb1 Nb6 29. d4 Nd5 30. Bxd5 Rxd5 31. Nc3 Rdd8 32. d5 Rdc8 33. Ne4 Rc4 34. Nc5
Ra8 35. d6 Bd8 36. Rb2 g6 37. Kg2 h5 38. h4 Kf8 39. Bg1 Ke8 40. Bf2 Bb6 41. Rd2
Bxc5 42. d7+ Kd8 43. Bxc5 Rb8 44. Kf2 Rc3 45. Bd6 Ra8 46. e6 fxe6 47. Be5 Rc4
48. Bf6+ Kc7 49. d8=Q+ Rxd8 50. Bxd8+ Kc6 51. Be7 Re4 52. Kf3 Re1 53. Bc5 {Black
resigns} 1-0

[Event "Team 45 45 League T55"]
[Site "Internet Chess Club"]
[Date "2012.12.09"]
[Round "4"]
[White "chess9793"]
[Black "Wargasm"]
[Result "1/2-1/2"]
[WhiteElo "2154"]
[BlackElo "2180"]
[Opening "Ruy Lopez: closed (9...Na5)"]
[ECO "C96"]
[Time "16:02:54"]
[TimeControl "2700+45"]

1. e4 e5 2. Nf3 Nc6 3. Bb5 a6 4. Ba4 Nf6 5. O-O Be7 6. Re1 b5 7. Bb3 d6 8. c3
O-O 9. h3 Na5 10. Bc2 d5 11. exd5 e4 12. Ng5 Nxd5 13. Nxe4 f5 14. b4 fxe4 15.
bxa5 Bc5 16. Rxe4 Bxf2+ 17. Kh1 Qg5 18. d4 Qg3 19. Bb3 c6 20. Qh5 Bf5 21. Re7
Bxb1 22. Rxb1 Qd3 23. Bxd5+ cxd5 24. Rxg7+ Kxg7 25. Bh6+ Kf6 26. Qe5+ Kf7 27.
Qxd5+ Kg6 28. Qg5+ Kf7 29. Qd5+ Kg6 30. Qg5+ Kf7 31. Qg7+ Ke6 32. Qe5+ Kd7 33.
Qd5+ Kc7 34. Qc5+ Kd7 35. Qd5+ Kc7 36. Qe5+ Kd7 {Game drawn by mutual agreement}
1/2-1/2

[Event "Team 45 45 League T55"]
[Site "Internet Chess Club"]
[Date "2012.12.08"]
[Round "4"]
[White "parpin"]
[Black "Rodin7"]
[Result "0-1"]
[WhiteElo "2056"]
[BlackElo "2031"]
[Opening "Sicilian: Pelikan, Chelyabinsk variation"]
[ECO "B33"]
[Time "21:50:20"]
[TimeControl "2700+45"]

1. e4 c5 2. Nf3 Nc6 3. d4 cxd4 4. Nxd4 Nf6 5. Nc3 e5 6. Ndb5 d6 7. Bg5 a6 8. Na3
b5 9. Nd5 Be7 10. Bxf6 Bxf6 11. c4 b4 12. Nc2 a5 13. b3 O-O 14. h4 Nd4 15. Nxd4
exd4 16. g3 Be6 17. Nxf6+ Qxf6 18. Bg2 a4 19. O-O Qe5 20. Qd2 Qc5 21. Rfd1 Bg4
22. f3 Be6 23. Qxd4 Qxd4+ 24. Rxd4 axb3 25. Rd2 Bxc4 26. Bf1 Be6 27. f4 f6 28.
Rxd6 Bf7 29. Rb6 bxa2 30. Rxb4 Rfb8 31. Rxb8+ Rxb8 32. Bd3 Rb2 33. e5 fxe5 34.
fxe5 Kf8 35. Bxh7 g6 36. e6 Rb1+ {White resigns} 0-1

[Event "Team 45 45 League T55"]
[Site "Internet Chess Club"]
[Date "2012.12.09"]
[Round "4"]
[White "Cryptochess"]
[Black "Timetoshine"]
[Result "1-0"]
[WhiteElo "2050"]
[BlackElo "2091"]
[Opening "Giuoco Piano"]
[ECO "C50"]
[Time "20:01:44"]
[TimeControl "2700+45"]

1. e4 e5 2. Nf3 Nc6 3. Bc4 Bc5 4. O-O Nf6 5. d4 Bxd4 6. Nxd4 Nxd4 7. f4 Nc6 8.
Bxf7+ Kxf7 9. fxe5 Nxe5 10. Qd5+ Kf8 11. Qxe5 d6 12. Qd4 c5 13. Qc3 h6 14. Bf4
Kf7 15. Qd3 Qb6 16. Qxd6 Qxd6 17. Bxd6 Ke6 18. Bxc5 Nxe4 19. Bd4 Rg8 20. Na3 Bd7
21. Rae1 Bc6 22. c3 b5 23. Rf4 b4 24. Rexe4+ {Black resigns} 1-0

[Event "Team 45 45 League T55"]
[Site "Internet Chess Club"]
[Date "2012.12.08"]
[Round "4"]
[White "Aragonof"]
[Black "Legal"]
[Result "1-0"]
[WhiteElo "2037"]
[BlackElo "1955"]
[Opening "Scandinavian defense"]
[ECO "B01"]
[Time "19:34:01"]
[TimeControl "2700+45"]

1. e4 d5 2. exd5 Nf6 3. Bb5+ Bd7 4. Be2 Nxd5 5. d4 g6 6. c4 Nf6 7. Nc3 Bg7 8.
Nf3 O-O 9. O-O c6 10. Qb3 Qc7 11. Rd1 Bg4 12. h3 Bc8 13. Be3 Nbd7 14. Rac1 Qb6
15. Qc2 Qa5 16. Rb1 e5 17. b4 Qc7 18. d5 cxd5 19. Nxd5 Nxd5 20. Rxd5 Nb6 21. Rd2
Bf5 22. Bd3 Bxd3 23. Qxd3 Rad8 24. Bxb6 axb6 25. Qb3 e4 26. Rxd8 Rxd8 27. Ne1
Rd4 28. c5 Qf4 29. Rd1 Rxd1 30. Qxd1 e3 31. Nd3 exf2+ 32. Kf1 Qc4 33. cxb6 Bd4
34. Qb3 Qxb3 35. axb3 Bxb6 36. Nc5 Kf8 {Black resigns} 1-0

[Event "Team 45 45 League T55"]
[Site "Internet Chess Club"]
[Date "2012.12.10"]
[Round "4"]
[White "Chatica"]
[Black "AugustoCaruso"]
[Result "1-0"]
[WhiteElo "2262"]
[BlackElo "2189"]
[Opening "French: MacCutcheon, Dr. Olland (Dutch) variation"]
[ECO "C12"]
[Time "17:00:33"]
[TimeControl "2700+45"]

1. d4 e6 2. e4 d5 3. Nc3 Nf6 4. Bg5 Bb4 5. e5 h6 6. Bc1 Ne4 7. Qg4 g6 8. Ne2
Nxc3 9. bxc3 Be7 10. Nf4 c5 11. Bd3 h5 12. Qh3 Nc6 13. O-O c4 14. Nxg6 fxg6 15.
Bxg6+ Kd7 16. Bf7 Kc7 17. Bxe6 Bxe6 18. Qxe6 Qg8 19. Qxg8 Raxg8 20. f4 Rg4 21.
f5 Rhg8 22. g3 h4 23. Bf4 hxg3 24. h3 Rh4 25. Kg2 Kd7 26. Rae1 Rgh8 27. Bxg3
R4h6 28. f6 Bd8 29. e6+ Ke8 30. e7 Nxe7 31. Bd6 Kd7 32. fxe7 Rg8+ 33. Kh2 Rxd6
34. Rf8 Re6 35. exd8=Q+ {Black resigns} 1-0

[Event "Team 45 45 League T55"]
[Site "Internet Chess Club"]
[Date "2012.12.16"]
[Round "4"]
[White "QueensCounselor"]
[Black "SlimeDog2"]
[Result "0-1"]
[WhiteElo "2089"]
[BlackElo "2133"]
[Opening "Grünfeld: modern exchange variation"]
[ECO "D85"]
[Time "14:33:28"]
[TimeControl "2700+45"]

1. d4 Nf6 2. c4 g6 3. Nc3 d5 4. cxd5 Nxd5 5. e4 Nxc3 6. bxc3 Bg7 7. Nf3 c5 8.
Be3 Qa5 9. Qd2 Nc6 10. Rc1 cxd4 11. cxd4 Qxd2+ 12. Kxd2 O-O 13. d5 Rd8 14. Ke1
Na5 15. Bd3 e6 16. Ke2 exd5 17. exd5 Rxd5 18. Be4 Rb5 19. Rc2 Rb4 20. Rhc1 Be6
21. Ng5 Bc4+ 22. Ke1 Bb2 23. Rb1 Ba3 24. Rd1 Rb2 25. Rxb2 Bxb2 26. Rd7 Re8 27.
Bxb7 Bb5 28. Rc7 Nxb7 29. Rxb7 Bc3+ 30. Kd1 Ba4+ 31. Kc1 Rd8 {White resigns} 0-1

[Event "Team 45 45 League T55"]
[Site "Internet Chess Club"]
[Date "2012.12.09"]
[Round "4"]
[White "eurander"]
[Black "fledermaus"]
[Result "1-0"]
[WhiteElo "2106"]
[BlackElo "1937"]
[Opening "Sicilian: Alapin's variation (2.c3)"]
[ECO "B22"]
[Time "14:09:40"]
[TimeControl "2700+45"]

1. e4 c5 2. c3 d5 3. exd5 Qxd5 4. d4 Nf6 5. Nf3 Bg4 6. Qa4+ Nc6 7. Bc4 Qe4+ 8.
Be3 Bd7 9. Bxf7+ Kd8 10. Nbd2 Qg4 11. Qb3 e6 12. O-O-O cxd4 13. Nxd4 Na5 14. Qc2
Ke7 15. f3 Qh4 16. Bxe6 Bxe6 17. Rhe1 Qh5 18. Bf4 {Black resigns} 1-0

[Event "Team 45 45 League T55"]
[Site "Internet Chess Club"]
[Date "2012.12.08"]
[Round "4"]
[White "jonesey"]
[Black "aww-rats"]
[Result "1/2-1/2"]
[WhiteElo "1865"]
[BlackElo "2054"]
[Opening "Queen's pawn game, Chigorin variation"]
[ECO "D02"]
[Time "16:07:36"]
[TimeControl "2700+45"]

1. d4 d5 2. Nf3 Nc6 3. e3 Bg4 4. Be2 e6 5. Nbd2 Nf6 6. O-O Bd6 7. c4 O-O 8. c5
Be7 9. Bb5 Nb8 10. Be2 Nbd7 11. b4 c6 12. Bb2 Qc7 13. a4 Ne4 14. Nxe4 dxe4 15.
Nd2 Bxe2 16. Qxe2 f5 17. f3 exf3 18. Rxf3 Nf6 19. Raf1 Rad8 20. e4 fxe4 21. Nxe4
Nxe4 22. Qxe4 Qd7 23. Re3 Rxf1+ 24. Kxf1 Bf6 25. Qxe6+ Qxe6 26. Rxe6 Bxd4 27.
Re2 Bxb2 28. Rxb2 Rd5 29. b5 Rxc5 30. bxc6 b6 31. Rd2 Rxc6 {Game drawn by mutual
agreement} 1/2-1/2

[Event "Team 45 45 League T55"]
[Site "Internet Chess Club"]
[Date "2012.12.09"]
[Round "4"]
[White "chiiwen"]
[Black "grabuark"]
[Result "1/2-1/2"]
[WhiteElo "2159"]
[BlackElo "2211"]
[Opening "Sicilian: dragon, Yugoslav attack, Rauser variation"]
[ECO "B76"]
[Time "21:01:58"]
[TimeControl "2700+45"]

1. e4 c5 2. Nf3 d6 3. d4 cxd4 4. Nxd4 Nf6 5. Nc3 g6 6. Be3 Bg7 7. f3 O-O 8. Qd2
Nc6 9. O-O-O d5 10. exd5 Nxd5 11. Nxc6 bxc6 12. Bd4 Bxd4 13. Qxd4 Qb6 14. Na4
Qa5 15. b3 Qc7 16. Re1 Rd8 17. Qe5 Qa5 18. Bc4 Be6 19. h4 h5 20. g4 hxg4 21. h5
Qc7 22. fxg4 Qxe5 23. Rxe5 Kg7 24. hxg6 Kxg6 25. Bd3+ Kf6 26. Re4 Kg7 27. Nc5
Nc7 28. Rhe1 Rd6 29. Kb2 Rh8 30. Ra4 Ra8 31. g5 Rd5 32. Nxe6+ Nxe6 33. Bc4 Nc5
34. Ra3 Rd7 35. Ra5 Nb7 36. Ra6 Rc7 37. Re5 Nd6 38. Bd3 c5 39. c4 Rh8 40. Ra5
Rhc8 41. Rd5 f6 42. gxf6+ Kxf6 43. Kc3 Nf7 44. Rf5+ Ke6 45. Rf2 Nd6 46. Re2+ Kf6
47. a3 Rh8 48. Rf2+ Ke6 49. Re2+ Kf6 {Game drawn by mutual agreement} 1/2-1/2

[Event "Team 45 45 League T55"]
[Site "Internet Chess Club"]
[Date "2012.12.08"]
[Round "4"]
[White "Feifo"]
[Black "Jack-ONeill"]
[Result "0-1"]
[WhiteElo "1868"]
[BlackElo "2034"]
[Opening "Alekhine's defense: modern, Larsen variation"]
[ECO "B04"]
[Time "09:01:10"]
[TimeControl "2700+45"]

1. e4 Nf6 2. e5 Nd5 3. d4 d6 4. Nf3 dxe5 5. Nxe5 c6 6. Bc4 Nd7 7. Nf3 N7f6 8.
O-O Bg4 9. h3 Bh5 10. Bb3 e6 11. c4 Nb6 12. Be3 Be7 13. Nbd2 O-O 14. Qe2 Qc7 15.
g4 Bg6 16. Ne5 Nbd7 17. Bf4 Nxe5 18. Bxe5 Qa5 19. c5 b6 20. h4 h6 21. Bf4 bxc5
22. h5 Bh7 23. Nc4 Qb5 24. dxc5 Bxc5 25. g5 hxg5 26. Bxg5 Bxf2+ 27. Rxf2 Qxg5+
28. Rg2 Qxh5 29. Qe3 Be4 30. Rh2 Qxh2+ 31. Kxh2 Ng4+ 32. Kg3 Nxe3 33. Nxe3
{White resigns} 0-1

[Event "Team 45 45 League T55"]
[Site "Internet Chess Club"]
[Date "2012.12.09"]
[Round "4"]
[White "HelioAraujo"]
[Black "barbak"]
[Result "1/2-1/2"]
[WhiteElo "1883"]
[BlackElo "1982"]
[Opening "QGD: Tarrasch, Prague variation, 9.Bg5"]
[ECO "D34"]
[Time "04:03:53"]
[TimeControl "2700+45"]

1. Nf3 d5 2. d4 c5 3. c4 e6 4. cxd5 exd5 5. Nc3 Nc6 6. g3 Nf6 7. Bg2 Be7 8. O-O
O-O 9. Bg5 cxd4 10. Nxd4 h6 11. Be3 Re8 12. Rc1 Bf8 13. Na4 Bd7 14. Nc5 Nxd4 15.
Bxd4 Bc6 16. Qd3 Ne4 17. Nb3 a6 18. Be3 Bb5 19. Qd1 Bc4 20. Bxe4 Rxe4 21. Nd2
Rxe3 22. fxe3 Bb5 23. Nf3 Qe8 24. Qd2 Rd8 25. Nd4 Bd7 26. Kg2 Qe4+ 27. Kg1 Bh3
28. Rf2 Be7 29. Qd3 Bg5 30. Qxe4 dxe4 31. Rf4 Bxf4 32. gxf4 Rc8 33. Rxc8+ Bxc8
34. a3 g5 35. Kf2 Kf8 36. Nb3 Ke7 37. Nd2 f5 38. Nc4 Be6 39. Ne5 Kd6 40. Ke1 Kc5
41. Kd2 b5 42. b4+ Kd6 43. Kc3 Bg8 {Game drawn by mutual agreement} 1/2-1/2

[Event "Team 45 45 League T55"]
[Site "Internet Chess Club"]
[Date "2012.12.09"]
[Round "4"]
[White "powerchess1"]
[Black "justice02"]
[Result "0-1"]
[WhiteElo "1685"]
[BlackElo "1703"]
[Opening "Queen's pawn, Mason variation"]
[ECO "D00"]
[Time "19:15:50"]
[TimeControl "2700+45"]

1. d4 d5 2. Bf4 c6 3. c3 Nf6 4. Qc2 g6 5. Nd2 Bg7 6. Ngf3 Nbd7 7. e4 dxe4 8.
Nxe4 O-O 9. Nxf6+ Nxf6 10. Be5 Bf5 11. Bd3 Bxd3 12. Qxd3 Qd5 13. O-O Rad8 14.
Rfe1 e6 15. Ng5 Nh5 16. Bxg7 Nxg7 17. Re5 Qxe5 {White resigns} 0-1

[Event "Team 45 45 League T55"]
[Site "Internet Chess Club"]
[Date "2012.12.07"]
[Round "4"]
[White "RD1974"]
[Black "spongenotbob"]
[Result "1-0"]
[WhiteElo "1674"]
[BlackElo "1799"]
[Opening "Caro-Kann: anti-anti-Caro-Kann defense"]
[ECO "B10"]
[Time "15:25:09"]
[TimeControl "2700+45"]

1. e4 c6 2. c4 d5 3. cxd5 cxd5 4. exd5 Nf6 5. Nc3 Nxd5 6. Nf3 Nc6 7. Bb5 Nxc3 8.
bxc3 Bd7 9. d4 e6 10. O-O Be7 11. d5 exd5 12. Qxd5 O-O 13. Bf4 Be6 14. Qe4 Qd5
15. Bd3 Rfd8 16. Qxh7+ {Black resigns} 1-0

[Event "Team 45 45 League T55"]
[Site "Internet Chess Club"]
[Date "2012.12.06"]
[Round "4"]
[White "palm47"]
[Black "sdcohle"]
[Result "1-0"]
[WhiteElo "1480"]
[BlackElo "1356"]
[Opening "English: Neo-Catalan declined"]
[ECO "A14"]
[Time "22:05:49"]
[TimeControl "2700+45"]

1. Nf3 d5 2. c4 e6 3. g3 Nf6 4. Bg2 Be7 5. O-O O-O 6. b3 c5 7. cxd5 exd5 8. Bb2
Nc6 9. d4 Ne4 10. Nbd2 Bf6 11. Nxe4 dxe4 12. Nd2 Nxd4 13. Nxe4 Nxe2+ 14. Qxe2
Bd4 15. Bxd4 cxd4 16. Qd2 Qb6 17. Rfe1 Bf5 18. Qf4 Bg6 19. Nd6 Rfd8 20. Nc4 Qb4
21. Be4 Re8 22. Ne5 Re7 23. Bxg6 hxg6 24. Nd3 Rxe1+ 25. Rxe1 Qc3 26. Qe4 Rb8 27.
Rc1 Qd2 28. Qxd4 Qxa2 29. Qd6 Rf8 30. b4 b6 31. Qc6 Qa3 32. Qc3 Qa6 33. Qc4 Qb7
34. Ne5 Qe7 35. Nxg6 Qd7 36. Nxf8 Kxf8 37. Qc8+ Qxc8 38. Rxc8+ Ke7 39. Rc7+ Ke6
40. Rxa7 g6 41. Rb7 f5 42. Rxb6+ Kf7 43. f4 Kg7 44. Re6 Kf7 45. Re5 Kf6 46. b5
g5 47. b6 gxf4 48. gxf4 Kf7 49. b7 Kf6 50. b8=Q Kg6 51. Qg8+ Kf6 52. Re6# {Black
checkmated} 1-0

[Event "Team 45 45 League T55"]
[Site "Internet Chess Club"]
[Date "2012.12.09"]
[Round "4"]
[White "LiangLiang"]
[Black "Docvan"]
[Result "0-1"]
[WhiteElo "1673"]
[BlackElo "1577"]
[Opening "Sicilian: Scheveningen (Paulsen), classical variation"]
[ECO "B84"]
[Time "14:00:32"]
[TimeControl "2700+45"]

1. e4 c5 2. Nf3 d6 3. d4 cxd4 4. Nxd4 Nf6 5. Nc3 a6 6. Be2 e6 7. O-O Be7 8. Be3
Qc7 9. f3 O-O 10. a4 Nc6 11. Qd2 d5 12. exd5 exd5 13. Nb3 d4 14. Nxd4 Rd8 15.
Rad1 Bc5 16. Qe1 Nxd4 17. Bd3 Re8 18. Qf2 Rxe3 19. Kh1 Nf5 20. Bxf5 Bxf5 21. b4
Rxc3 22. bxc5 Rxc2 23. Qd4 Rxc5 24. Rfe1 Bc2 25. Rd2 Qa5 26. Rc1 Rd5 {White
resigns} 0-1

[Event "Team 45 45 League T55"]
[Site "Internet Chess Club"]
[Date "2012.12.09"]
[Round "4"]
[White "Victor24"]
[Black "almond123"]
[Result "1-0"]
[WhiteElo "1743"]
[BlackElo "1460"]
[Opening "Scotch gambit: Dubois-Réti defense"]
[ECO "C55"]
[Time "12:00:07"]
[TimeControl "2700+45"]

1. e4 e5 2. Nf3 Nc6 3. d4 exd4 4. Bc4 Nf6 5. e5 d5 6. Bb5 Nd7 7. O-O a6 8. Bxc6
bxc6 9. Nxd4 Bb7 10. e6 fxe6 11. Nxe6 Qc8 12. Re1 Kf7 13. Ng5+ Kg6 14. Qd3+ Kf6
15. Re6# {Black checkmated} 1-0

[Event "Team 45 45 League T55"]
[Site "Internet Chess Club"]
[Date "2012.12.09"]
[Round "4"]
[White "DouDou"]
[Black "PANAMA-REY"]
[Result "1/2-1/2"]
[WhiteElo "1603"]
[BlackElo "1398"]
[Opening "Philidor's defense"]
[ECO "C41"]
[Time "15:06:12"]
[TimeControl "2700+45"]

1. e4 e5 2. Nf3 d6 3. Bc4 Be7 4. O-O Nf6 5. Nc3 Nc6 6. d3 Bg4 7. h3 Bh5 8. Be3
Qd7 9. d4 exd4 10. Bxd4 Bxf3 11. gxf3 Qxh3 12. Be3 Ne5 13. Be2 Nh5 14. f4 Ng3
15. fxg3 Qxg3+ 16. Kh1 Qh3+ 17. Kg1 Qg3+ 18. Kh1 Qh3+ {Game drawn by mutual
agreement} 1/2-1/2

[Event "Team 45 45 League T55"]
[Site "Internet Chess Club"]
[Date "2012.12.10"]
[Round "4"]
[White "Bluecat"]
[Black "Nimbus"]
[Result "1-0"]
[WhiteElo "1969"]
[BlackElo "1923"]
[Opening "Queen's pawn: Torre attack"]
[ECO "A46"]
[Time "14:00:20"]
[TimeControl "2700+45"]

1. d4 Nf6 2. Nf3 e6 3. Bg5 Be7 4. Nbd2 d5 5. e3 b6 6. Bd3 h6 7. Bf4 Bb7 8. O-O
O-O 9. Ne5 Ne4 10. Qe2 Nd7 11. Rad1 Nxe5 12. Bxe5 Bd6 13. f4 f6 14. Bxd6 cxd6
15. Qh5 Qe8 16. Qh3 f5 17. g4 Qg6 18. Nxe4 dxe4 19. Be2 Rac8 20. c3 Rf6 21. Kh1
Qf7 22. g5 hxg5 23. fxg5 Rg6 24. Bh5 Kh7 25. Rg1 Rf8 26. Rdf1 Qe8 27. Rf4 Rh8
28. Rh4 Kg8 29. Bxg6 Rxh4 30. Qxh4 Qxg6 31. Qf4 Qh5 32. Rf1 Ba6 33. Rf2 Qd1+ 34.
Kg2 Be2 35. Qxd6 Bf3+ 36. Kh3 Bg4+ 37. Kh4 Bh5 38. Qxe6+ Bf7 39. Qxf5 Qh5+ 40.
Kg3 Bg6 41. Qd5+ Kh7 42. Rf4 Qe2 43. Rh4+ Bh5 44. Qxe4+ g6 45. Rxh5+ Qxh5 46.
Qh4 {Black resigns} 1-0

[Event "Team 45 45 League T55"]
[Site "Internet Chess Club"]
[Date "2012.12.09"]
[Round "4"]
[White "kllrchris"]
[Black "clarinetref"]
[Result "1-0"]
[WhiteElo "1688"]
[BlackElo "1710"]
[Opening "Sicilian: Sozin with ...a6 and ...b5"]
[ECO "B87"]
[Time "22:02:18"]
[TimeControl "2700+45"]

1. e4 c5 2. Nf3 d6 3. d4 cxd4 4. Nxd4 Nf6 5. Nc3 a6 6. Bc4 e6 7. Bb3 b5 8. Qe2
Qc7 9. Be3 b4 10. Ba4+ Bd7 11. Bxd7+ Nbxd7 12. Na4 Nxe4 13. O-O Be7 14. Qf3 d5
15. Qg4 g6 16. Rae1 h5 17. Qh3 g5 18. Nxe6 fxe6 19. Qxe6 Qe5 20. Qxe5 Nxe5 21.
f3 Nd6 22. Nb6 O-O 23. Nxa8 Rxa8 24. Bxg5 Bxg5 25. Rxe5 Bf4 26. Rxd5 Nc4 27.
Rfd1 Ne3 28. Rd8+ Rxd8 29. Rxd8+ Kf7 30. g3 Bg5 31. Rc8 Nd1 32. f4 Bf6 33. Ra8
Bxb2 34. Rxa6 Bd4+ 35. Kf1 Ne3+ 36. Ke2 Ng4 37. Kd3 Bc3 38. a4 Nf2+ 39. Ke2 Ne4
40. a5 Nc5 41. Ra7+ Ke6 42. a6 b3 43. cxb3 Nxb3 44. Rh7 Bd4 45. a7 Bxa7 46. Rxa7
Kf5 47. h3 Nd4+ 48. Ke3 Nc2+ 49. Kd2 Nd4 50. Ra5+ Kg6 51. Kd3 Nf3 52. Ke3 Ne1
53. Ra2 Kf5 54. Re2 {Black resigns} 1-0

[Event "Team 45 45 League T55"]
[Site "Internet Chess Club"]
[Date "2012.12.09"]
[Round "4"]
[White "tryanything"]
[Black "dscvdchk"]
[Result "1-0"]
[WhiteElo "1524"]
[BlackElo "1525"]
[Opening "Queen's pawn: London system"]
[ECO "A45"]
[Time "04:22:54"]
[TimeControl "2700+45"]

1. d4 Nf6 2. Bf4 d5 3. e3 c5 4. c3 Nc6 5. Bd3 Bg4 6. Nf3 Qb6 7. Qb3 Qxb3 8. axb3
Bxf3 9. gxf3 a6 10. Nd2 h6 11. Bb5 Rc8 12. Bxc6+ Rxc6 13. dxc5 Rxc5 14. b4 Rc8
15. Nb3 Nd7 16. Ke2 e6 17. Na5 b6 18. Nb3 Ra8 19. Ra2 e5 20. Bg3 f6 21. Rd1 Ke7
22. Rxd5 Ke6 23. Rd2 Be7 24. f4 g5 25. fxe5 fxe5 26. f4 exf4 27. exf4 Nf6 28.
fxg5 hxg5 29. Nd4+ Kf7 30. Kf3 g4+ 31. Kg2 Kg6 32. Nc6 Bf8 33. Be5 Rh7 34. Bxf6
Kxf6 35. Rd8 Rxd8 36. Nxd8 Bd6 37. Rxa6 Rxh2+ 38. Kg1 Rxb2 39. Rxb6 Ke7 40. Nc6+
Kf8 41. Nd4 Be5 42. Rb5 Bh2+ 43. Kh1 Bd6 44. Rd5 Bb8 45. Rd8+ {Black resigns}
1-0

[Event "Team 45 45 League T55"]
[Site "Internet Chess Club"]
[Date "2012.12.08"]
[Round "4"]
[White "BrianWood"]
[Black "PostMike"]
[Result "1-0"]
[WhiteElo "1498"]
[BlackElo "1461"]
[Opening "Sicilian: closed, 6.Be3"]
[ECO "B26"]
[Time "14:31:26"]
[TimeControl "2700+45"]

1. e4 c5 2. Nc3 d6 3. g3 g6 4. Bg2 Bg7 5. d3 Nc6 6. Be3 e6 7. Qd2 Nge7 8. Nge2
O-O 9. O-O a6 10. Nd1 b5 11. Rb1 Rb8 12. Bh6 Qa5 13. Qxa5 Nxa5 14. Bxg7 Kxg7 15.
b4 Nac6 16. bxc5 dxc5 17. c3 b4 18. d4 Rd8 19. dxc5 Rd2 20. Nc1 a5 21. cxb4 axb4
22. a3 Ba6 23. Re1 Rbd8 24. Nb3 Rc2 25. axb4 Nxb4 26. Na1 Nd3 27. Nxc2 Nxe1 28.
Nxe1 {Black resigns} 1-0